 Dungeon Crawl Stone Soup version 0.29-a0-617-g7a6b98fccd (webtiles) character file.

Game seed: 16923991025392438471

43 Newt the Skirmisher (level 3, -8/30 HPs)
             Began as a Demonspawn Abyssal Knight on June 17, 2022.
             Was a Believer of Lugonu.
             Killed by divine providence
             ... invoked by an orc priest
              (9 damage)
             ... on level 3 of the Dungeon.
             The game lasted 00:10:11 (1402 turns).

Newt the Skirmisher (Demonspawn Abyssal Knight)     Turns: 1402, Time: 00:10:12

Health: -8/30      AC: 11    Str: 15    XL:     3   Next: 37%
Magic:  4/4        EV:  9    Int: 11    God:    Lugonu [**....]
Gold:   74         SH:  5    Dex: 13    Spells: 2/2 levels left

rFire   . . .      SeeInvis .   a - +1 spear
rCold   . . .      Faith    .   (no shield)
rNeg    . . .      Spirit   .   c - +4 scale mail
rPois   .          Reflect  +   (no helmet)
rElec   .          Harm     .   (no cloak)
rCorr   .          Rampage  .   e - +0 pair of gloves
Will    .....                   (no boots)
Stlth   ..........              d - amulet of reflection
HPRegen 0.10/turn               (no ring)
MPRegen 0.09/turn               (no ring)

@: no status effects
A: weakness stinger 1
a: Renounce Religion, Depart the Abyss, Bend Space


You were on level 3 of the Dungeon.
You worshipped Lugonu.
Lugonu was pleased with you.
You visited 1 branch of the dungeon, and saw 3 of its levels.
You visited the Abyss 1 time.

You collected 74 gold pieces.

Inventory:

Hand Weapons
 a - a +1 spear (weapon)
Armour
 b - a +0 leather armour
 c - a +4 scale mail (worn)
 e - a +0 pair of gloves (worn)
Magical Staves
 j - a staff of conjuration
Jewellery
 d - an amulet of reflection (around neck)
Scrolls
 g - a scroll of enchant weapon {unknown}
 i - a scroll of amnesia {unknown}
 k - a scroll of magic mapping {unknown}
Potions
 f - a potion of resistance {unknown}
 h - a potion of haste {unknown}
 l - a potion of curing {unknown}


   Skills:
 + Level 3.6 Fighting
 * Level 2.4 Polearms
 + Level 2.2 Armour
 - Level 0.8 Dodging
 * Level 0.1 Shields
 + Level 2.5 Invocations


You had 2 spell levels left.
You didn't know any spells.
Your spell library was empty.

Dungeon Overview and Level Annotations

Branches:
Dungeon (3/15)

Altars:
Kikubaaqudgha


Innate Abilities, Weirdness & Mutations

You have a small tail.


Message History

Lugonu accepts your kill.
You see here a ball python corpse.
A goblin comes into view. It is wielding a +0 club.
Found a bubbling brown potion.
The goblin shouts!
You hit the goblin.
Your tail-slap misses the goblin.
The goblin is heavily wounded.
You block the goblin's attack.
You hit the goblin. You tail-slap the goblin.
You kill the goblin!
Lugonu accepts your kill.
You see here a +0 club.
l - a bubbling brown potion
There is a stone staircase leading down here.
You climb downwards.
You hear the sound of rushing water.
There is an entrance to a sewer on this level.
Hurry and find it before the portal rusts away!
Found a scroll labelled FUIHATO BORU and 15 stones.
Found an ancient bone altar of Kikubaaqudgha.
There is a stone staircase leading up here.
Found 17 gold pieces and a scroll labelled NURRYD VOLO.
Found a scroll of noise.
You see here 15 stones.
An orc priest comes into view. It is wielding a +0 short sword.
The orc priest shouts!
You hear a shout! x2
The orc priest mumbles some strange prayers to Beogh against you.
Beogh smites you!
Ouch! That really hurt!
An orc comes into view. It is wielding a +0 club.
You see here 17 gold pieces.
You now have 74 gold pieces (gained 17).
An orc comes into view.
It is wielding a +0 whip and wearing a +1 ring mail of positive energy.
The orc priest invokes the aid of Beogh against you.
Beogh smites you!
Ouch! That really hurt!
* * * LOW HITPOINT WARNING * * *
You see here 15 stones.
The orc priest mumbles some strange prayers to Beogh against you.
Beogh smites you!
You die...

.............#
...o.#..?.o.##
..........o.##
...........#
###..P.....#
#.#........#
#.....(....#
#....#.....#
#._..##@..##
#....#..P..#
#.......P..#
#.#........#
###........#
...PP..?.<..#
...........##
..........##
###.##.####


You could see an orc priest and 2 orcs.

Vanquished Creatures
  An adder (D:2)
  A dart slug (D:2)
  3 bats
  An endoplasm (D:2)
  3 giant cockroaches
  2 hobgoblins (D:1)
  4 jackals (D:2)
  5 ball pythons (D:2)
  3 frilled lizards
  4 goblins
  3 rats
30 creatures vanquished.

Vanquished Creatures (others)
  A lurking horror (Abyss:4)
1 creature vanquished.

Grand Total: 31 creatures vanquished

Notes
Turn   | Place    | Note
-------+----------+-------------------------------------------
     0 | Abyss:1  | Newt the Demonspawn Abyssal Knight began the quest for the
                  | Orb.
     0 | Abyss:1  | Reached XP level 1. HP: 18/18 MP: 2/2
    60 | Abyss:2  | Found a candlelit altar of Ignis.
    92 | Abyss:2  | Noticed a small abomination
    93 | Abyss:3  | Found a corrupted altar of Lugonu.
   148 | Abyss:3  | Noticed an orange demon
   150 | Abyss:3  | Noticed an air elemental
   152 | Abyss:3  | Noticed a raiju
   165 | Abyss:4  | Noticed a great orb of eyes
   167 | D:1      | Escaped the Abyss
   837 | D:1      | Gained mutation: You have a small tail. [demonic ancestry]
   837 | D:1      | Reached XP level 2. HP: 14/24 MP: 3/3
  1020 | D:1      | Found a faded altar of an unknown god.
  1225 | D:2      | Reached XP level 3. HP: 29/29 MP: 4/4
  1388 | D:3      | Found an ancient bone altar of Kikubaaqudgha.
  1400 | D:3      | HP: 1/30 [orc priest/divine providence (15)]
  1402 | D:3      | Killed from afar by an orc priest

Illustrated notes

Levels and vault maps discovered:
D:1:      saegor_arrival_simple_d, layout_rooms,
          dreamdust_ecumenical_altar_angels_and_demons
D:2:      layout_basic, serial_shops, shop
D:3:      layout_rooms, kiku_gazebo_garden_becter, portal_sewer_entry_a,
          serial_shops, nicolae_shop_crystal

Skill      XL: |  1  2 |
---------------+-------+-----
Polearms       | 2 |  2.4
Armour         | 2 |  2.2
Fighting       | |  3.6
Dodging        | |  0.8
Shields        | |  0.1
Invocations    | |  2.5

Action                   || total
-------------------------++-------
Melee: Spear             ||   104
       Punch             ||     2
       Tailslap          ||    12
Invok: Depart the Abyss  ||     1
  Use: Scroll            ||     1
Armor: Leather armour    ||    16
       Scale mail        ||    24
Dodge: Dodged            ||    55
Block: Other             ||    18

Table legend: (Time is in decaauts)
 A = Elapsed time spent in this place.
 B = Non-inter-level travel time spent in this place.
 C = Inter-level travel time spent in this place.
 D = Time resting spent in this place.
 E = Time spent auto-exploring this place.
 F = Levels seen in this place.
 G = Mean time per level.
                   A        B        C        D        E       F      G
               +--------+--------+--------+--------+--------+-----+--------+
         Total |   1409 |   1407 |      2 |    591 |      0 |   7 |  201.3 |
       Dungeon |   1234 |   1232 |      2 |    591 |      0 |   3 |  411.3 |
         Abyss |    175 |    175 |      0 |      0 |      0 |   4 |   43.8 |
               +--------+--------+--------+--------+--------+-----+--------+

Top non-repeatable levels by time:
     D:1: 888 daAuts
     D:2: 332 daAuts
 Abyss:1: 64 daAuts
 Abyss:3: 62 daAuts
 Abyss:2: 36 daAuts
     D:3: 13 daAuts
 Abyss:4: 11 daAuts
